 Dungeon Crawl Stone Soup version 0.30-a0-930-gb9d0489357 (webtiles) character file.

Game seed: 6407732333456709181

37 CowFu the Conjurer (level 3, 0/26 HPs)
             Began as a Draconian Conjurer on Mar 23, 2023.
             Slain by an ogre
             ... wielding a +0 giant spiked club
              (17 damage)
             ... on level 3 of the Dungeon.
             The game lasted 00:00:55 (1485 turns).

CowFu the Conjurer (Draconian Conjurer)             Turns: 1485, Time: 00:00:56

Health: 0/26       AC:  5    Str:  9    XL:     3   Next: 23%
Magic:  3/6        EV: 12    Int: 20    God:
Gold:   102        SH:  0    Dex:  9    Spells: 5/6 levels left

rFire   . . .      SeeInvis .    d - +0 club
rCold   . . .      Faith    .    (no shield)
rNeg    . . .      Spirit   .    (body armour unavailable)
rPois   .          Reflect  .    (helmet restricted)
rElec   .          Rampage  .    (no cloak)
rCorr   .                        (no gloves)
Will    .....                    (no boots)
Stlth   ++                       (no amulet)
HPRegen 0.24/turn                (no ring)
MPRegen 0.10/turn                (no ring)

@: very slightly contaminated
A: AC +5, unfitting armour, cold-blooded
a: no special abilities


You were on level 3 of the Dungeon.
You visited 1 branch of the dungeon, and saw 3 of its levels.

You collected 102 gold pieces.

Inventory:

Hand Weapons
 d - a +0 club (weapon)
Scrolls
 c - a scroll of poison {unknown}
 e - a scroll of acquirement {unknown}
 g - a scroll of identify {unknown}
Potions
 a - a potion of magic
 b - a potion of brilliance {unknown}
 f - a potion of degeneration {unknown}
 h - a potion of curing {unknown}


   Skills:
 - Level 1.7 Dodging
 - Level 1.7 Stealth
 - Level 2.0 Spellcasting
 + Level 5.1 Conjurations


You had 5 spell levels left.
You knew the following spells:

 Your Spells              Type           Power      Damage    Failure   Level
a - Magic Dart            Conj           88%        1d7       1%          1

Your spell library contained the following spells:

 Spells                   Type           Power      Damage    Failure   Level
 Searing Ray              Conj           44%        2d6       2%          2
 Dazzling Flash           Conj/Hex       24%        N/A       16%         3
 Fulminant Prism          Conj/Hex       6%         3d6       47%         4
 Iskenderun's Mystic Bla  Conj/Tloc      12%        2d5       47%         4


Dungeon Overview and Level Annotations

Branches:
Dungeon (3/15)

Altars:

Shops:
D:1 :


Innate Abilities, Weirdness & Mutations

Your plain brown scales are hard. (AC +5)
You cannot fit into any form of body armour.
You are cold-blooded and may be slowed by cold attacks.


Message History

The magic dart hits the dart slug.
The dart slug is almost dead.
A dart slug is nearby!
The magic dart hits the dart slug.
You kill the dart slug!
A hobgoblin comes into view.
The magic dart hits the hobgoblin.
The hobgoblin is heavily wounded.
The hobgoblin shouts!
A hobgoblin is nearby!
The magic dart hits the hobgoblin but does no damage.
The hobgoblin is heavily wounded.
A hobgoblin is nearby!
The magic dart hits the hobgoblin.
You kill the hobgoblin!
Found a stone staircase leading down.
You can't see any susceptible monsters within range! (Use Z to cast anyway.)
There is a stone staircase leading down here.
You now have 102 gold pieces (gained 10).
Found 5 stones.
You can't see any susceptible monsters within range! (Use Z to cast anyway.)
A sourceless malevolence fills the Dungeon...
You fall into a shaft and drop 1 floor!
The shaft crumbles and collapses.
Found an escape hatch in the floor.
Found a stone staircase leading down.
You can't see any susceptible monsters within range! (Use Z to cast anyway.)
An ogre comes into view. It is wielding a +0 giant spiked club.
The ogre hits you with a +0 giant spiked club!
An ogre is nearby!
The magic dart hits the ogre.
The ogre is lightly wounded.
You miscast Magic Dart.
You are very lightly contaminated with residual magic.
Nothing appears to happen.
The ogre barely misses you.
An ogre is nearby!
The magic dart hits the ogre.
The ogre is lightly wounded.
The ogre hits you with a +0 giant spiked club!
Ouch! That really hurt!
You die...

.# ## .#.# #..
.#.#.# #.# .#.#.#.#
#.# .#.#.#.#.# #.#
#.#.#.#.#.# #.#
.#.#.#.#.#O#.#.
#.#.#.#.#.#@#.#
#.#>#.#.#.#.#
#.#.#.#.#.#.#
#.#.#.#.#.#.#
#.#.#.#.#.#.#.#.#
............>.....
..########.########
... ..##


You could see an ogre.

Vanquished Creatures
  A gnoll (D:1)
  2 dart slugs
  An endoplasm (D:1)
  3 giant cockroaches (D:1)
  A hobgoblin (D:2)
  A kobold (D:1)
  A quokka (D:1)
  2 ball pythons
  3 bats (D:1)
  2 frilled lizards (D:1)
  3 goblins
  3 rats
23 creatures vanquished.

Notes
Turn   | Place    | Note
-------+----------+-------------------------------------------
     0 | D:1      | CowFu the Draconian Conjurer began the quest for the Orb.
     0 | D:1      | Reached XP level 1. HP: 14/14 MP: 3/3
   302 | D:1      | Reached XP level 2. HP: 17/20 MP: 0/5
   496 | D:1      | Found Xawa's Vocational Training.
   829 | D:1      | Reached skill level 5 in Conjurations
   900 | D:1      | Reached XP level 3. HP: 26/26 MP: 3/6
  1477 | D:2      | You fall into a shaft and drop 1 floor!
  1482 | D:3      | Noticed an ogre
  1485 | D:3      | Slain by an ogre

Illustrated notes

Levels and vault maps discovered:
D:1:      amcnicky_arrival_abandoned_market, layout_loops_corners,
          nicolae_shop_vocational
D:2:      wad_crossroads, layout_rooms, basic_altar, minmay_cupped, uniq_jessica
D:3:      layout_basic, beargit_hepliaklqana_dungeon_heroes,
          nicolae_qazlal_eye_of_the_storm, amcnicky_mini_rare_corridor_liquid,
          kennysheep_generic_room_4, uniq_natasha

Skill      XL: |  1  2 |
---------------+-------+-----
Conjurations   | 5 |  5.1
Dodging        | |  1.7
Stealth        | |  1.7
Spellcasting   | |  2.0

Action                     || total
---------------------------++-------
  Melee: Unarmed           ||    10
         Tailslap          ||     2
         Club              ||     8
   Cast: Magic Dart        ||    50
 Armour: Skin              ||     8
  Dodge: Dodged            ||    20

Table legend: (Time is in decaauts)
 A = Elapsed time spent in this place.
 B = Non-inter-level travel time spent in this place.
 C = Inter-level travel time spent in this place.
 D = Time resting spent in this place.
 E = Time spent auto-exploring this place.
 F = Levels seen in this place.
 G = Mean time per level.
                   A        B        C        D        E       F      G
               +--------+--------+--------+--------+--------+-----+--------+
         Total |   1486 |   1441 |     45 |      0 |   1284 |   3 |  495.3 |
       Dungeon |   1486 |   1441 |     45 |      0 |   1284 |   3 |  495.3 |
               +--------+--------+--------+--------+--------+-----+--------+

Top non-repeatable levels by time:
     D:1: 1280 daAuts
     D:2: 197 daAuts
     D:3: 7 daAuts
